 Dungeon Crawl Stone Soup version 0.25-a0-246-g58704a1ebd (webtiles) character file.

Game seed: 3591681529618759456, levelgen mode: classic

208 Borgoz the Covered (level 5, 0/34 HPs)
             Began as a Gargoyle Fighter on Dec 3, 2019.
             Slain by Blork the orc
             ... wielding a +4 hand axe of freezing
              (4 damage)
             ... on level 4 of the Dungeon.
             The game lasted 00:03:14 (2448 turns).

Borgoz the Covered (Gargoyle Fighter)               Turns: 2448, Time: 00:03:15

Health: 0/34       AC: 16    Str: 19    XL:     5   Next: 86%
Magic:  5/5        EV:  5    Int:  9    God:
Gold:   228        SH:  9    Dex: 10    Spells: 4/4 levels left

rFire    . . .     SeeInvis .   a - +0 flail
rCold    + . .     Gourm    .   c - +0 shield
rNeg     + . .     Faith    .   r - +1 chain mail {rC+}
rPois    ∞         Spirit   .   g - +2 hat
rElec    +         Reflect  .   (no cloak)
rCorr    .         Harm     .   (no gloves)
MR       .....                  (no boots)
Stlth    ..........             (no amulet)
HPRegen  0.11/turn              (no ring)
MPRegen  0.09/turn              (no ring)

@: no status effects
A: negative energy resistance 1, electricity resistance, unbreathing,
petrification resistance, rot immunity, AC +4
a: no special abilities


You were on level 4 of the Dungeon.
You were not hungry.

You visited 1 branch of the dungeon, and saw 4 of its levels.

You collected 228 gold pieces.

Inventory:

Hand Weapons
 a - a +0 flail (weapon)
Armour
 c - a +0 shield (worn)
 g - a +2 hat (worn)
 r - a +1 chain mail of cold resistance (worn)
Jewellery
 m - an uncursed ring of fire
Wands
 b - a wand of random effects (14)
Scrolls
 h - 2 scrolls of amnesia
 i - 2 scrolls of remove curse {unknown}
 j - a scroll of enchant armour {unknown}
 l - a scroll of noise {unknown}
 n - a scroll of enchant weapon {unknown}
 o - a scroll of identify {unknown}
 p - 2 scrolls of teleportation {unknown}
 t - 3 scrolls of random uselessness {unknown}
Potions
 d - a potion of might
 e - a potion of flight {unknown}
 k - 4 potions of curing {unknown}
 s - a potion of agility {unknown}
Comestibles
 f - 5 rations


   Skills:
 + Level 4.4 Fighting
 + Level 3.3 Maces & Flails
 + Level 4.4 Armour
 + Level 4.4 Shields


You had 4 spell levels left.
You didn't know any spells.
Your spell library was empty.

Dungeon Overview and Level Annotations

Branches:
Dungeon (4/15)
 Temple: D:4-7

Altars:
Nemelex Xobeh

Annotations:
D:4 Blork the orc


Innate Abilities, Weirdness & Mutations

You are resistant to torment.
Your stone body is resilient. (AC +4)
You are immune to poison.
You resist negative energy. (rN+)
You are resistant to electric shocks. (rElec)
You can survive without breathing.
You are immune to petrification.
You are immune to rotting.


Message History

You hear some strange, mumbled words.
A puff of flame appears from out of thin air!
The puff of flame hits you. Something hits you.
You closely miss something. Something hits you but does no damage.
Your shield and chain mail prevent you from hitting something.
You hear some strange, mumbled words.
A puff of flame appears from out of thin air!
The puff of flame hits you but does no damage.
You miss something. Something hits you but does no damage.
You hear some strange, mumbled words.
A magic dart appears from out of thin air!
The magic dart hits you!
* * * LOW HITPOINT WARNING * * *
Your shield and chain mail prevent you from hitting something.
Something hits you.
* * * LOW HITPOINT WARNING * * *
Something freezes you.
* * * LOW HITPOINT WARNING * * *
Something hits you.
You die...

## ... ....
.....
......####
.......<.####
.....##...@{#
...
#####....# #
###.... ##.


There were no monsters in sight!

Vanquished Creatures
  Terence (D:3)
  An orc wizard (D:3)
  Robin (D:2)
  4 adders
  2 oozes
  A worm (D:3)
  2 dart slugs (D:1)
  2 leopard geckos
  6 orcs (D:3)
  13 bats
  3 giant cockroaches
  15 goblins
  9 hobgoblins
  6 jackals (D:2)
  5 kobolds
  2 quokkas (D:2)
  A ball python (D:1)
  5 frilled lizards
  7 rats
86 creatures vanquished.

Notes
Turn   | Place    | Note
-------+----------+-------------------------------------------
     0 | D:1      | Borgoz the Gargoyle Fighter began the quest for the Orb.
     0 | D:1      | Reached XP level 1. HP: 14/14 MP: 1/1
   115 | D:1      | Reached XP level 2. HP: 19/19 MP: 2/2
   257 | D:1      | Reached XP level 3. HP: 23/23 MP: 3/3
   893 | D:2      | Noticed Robin
   906 | D:2      | Reached XP level 4. HP: 29/29 MP: 4/4
   940 | D:2      | Killed Robin
  1164 | D:2      | Found a sparkling altar of Nemelex Xobeh.
  1641 | D:3      | Noticed Terence
  1664 | D:3      | Killed Terence
  1664 | D:3      | Reached XP level 5. HP: 24/33 MP: 5/5
  2421 | D:4      | Noticed Blork the orc
  2448 | D:4      | Slain by Blork the orc

Levels and vault maps discovered:
D:1:      dpeg_arrival_line_fractal, layout_basic
D:2:      layout_loops_cross, nemelex_xobeh_ov_fountains_minmay,
          minmay_heptomino_d4, uniq_robin
D:3:      layout_loops_ring, first_ration, uniq_terence
D:4:      layout_cave_pods, kennysheep_mini, minmay_fire_ice_demons,
          uniq_blork_the_orc, uniq_grinder

Skill      XL: |  1  2  3  4 |
---------------+-------------+-----
Armour         | 4 |  4.4
Shields        | 4 |  4.4
Fighting       | 4 |  4.4
Maces & Flails | 3 |  3.3

Action                   |  1- 3 |  4- 6 || total
-------------------------+-------+-------++-------
Melee: Flail             |   141 |   270 ||   411
  Use: Scroll            |       |     1 ||     1
  Eat: Chunk             |       |     6 ||     6
Armor: Scale mail        |    95 |    96 ||   191
       Chain mail        |       |    82 ||    82
       Skin              |       |     4 ||     4
Dodge: Dodged            |    56 |    88 ||   144
Block: Shield            |    97 |   170 ||   267

Table legend:
 A = Non-vault XP
 B = Vault XP
 C = Vault XP percentage of total XP
 D = Non-vault monster count
 E = Vault monster count
 F = Vault count percentage of total count
                 A         B        C        D         E       F
            +---------+---------+-------+---------+---------+-------
      Total |     226 |      72 |  24.2 |      71 |      15 |  17.4
            +---------+---------+-------+---------+---------+-------
        D:1 |      42 |       0 |   0.0 |      20 |       0 |   0.0
        D:2 |      51 |      36 |  41.4 |      22 |      14 |  38.9
        D:3 |     133 |      36 |  21.3 |      29 |       1 |   3.3
            +---------+---------+-------+---------+---------+-------
